 Dungeon Crawl Stone Soup version 0.19.5 (webtiles) character file.

42 devil0150 the Grave Robber (level 3, 0/25 HPs)
             Began as a Human Necromancer on Apr 7, 2017.
             Was an Initiate of Yredelemnul.
             Slain by a rat (3 damage)
             ... on level 2 of the Dungeon.
             The game lasted 00:06:46 (1865 turns).

devil0150 the Grave Robber (Human Necromancer)      Turns: 1865, Time: 00:06:49

Health: 0/25       AC:  2    Str:  9    XL:     3   Next: 80%
Magic:  5/6        EV: 12    Int: 15    God:    Yredelemnul [......]
Gold:   62         SH:  0    Dex: 13    Spells: 2 memorised, 4 levels left

rFire  . . .     SeeInvis .     j - +0 hand axe
rCold  . . .     Gourm    .     a - +0 robe
rNeg   . . .     Faith    .     (no shield)
rPois  .         Spirit   .     (no helmet)
rElec  .         Reflect  .     (no cloak)
rCorr  .         Harm     .     (no gloves)
MR     .....                    (no boots)
Stlth  ++........               (no amulet)
                                (no ring)
                                (no ring)

@: lethally poisoned (0 -> -6), very slightly contaminated
A: no striking features
a: Renounce Religion


You were on level 2 of the Dungeon.
You worshipped Yredelemnul.
Yredelemnul was noncommittal.
You were hungry.

You visited 1 branch of the dungeon, and saw 2 of its levels.

You collected 62 gold pieces.

Inventory:

Hand Weapons
 d - a +0 hunting sling
 e - a +0 whip
 j - a +0 hand axe (weapon)
Missiles
 h - 8 needles of confusion
Armour
 a - a +0 robe (worn)
 k - a +0 plate armour
 l - a +1 ring mail of cold resistance
Jewellery
 i - an uncursed ring of protection from fire {unknown}
Potions
 m - 2 potions of might {unknown}
Books
 b - a book of Necromancy

   Spells                             Type                      Level
   a - Pain                           Necromancy                   1
   b - Animate Skeleton               Necromancy                   1
   c - Vampiric Draining              Necromancy                   3
   d - Regeneration                   Charms/Necromancy            3
   e - Animate Dead                   Necromancy                   4
   f - Control Undead                 Necromancy                   4
Comestibles
 c - 3 bread rations
 f - 2 chunks of flesh


   Skills:
 + Level 0.6 Fighting
 + Level 1.1 Axes
 + Level 2.3 Dodging
 + Level 2.2 Stealth
 + Level 2.1 Spellcasting
 + Level 4.5 Necromancy


You had 4 spell levels left.
You knew the following spells:

 Your Spells              Type           Power        Failure   Level  Hunger
a - Pain                  Necr           ###.         3%          1    #......
b - Animate Skeleton      Necr           N/A          3%          1    #......


Dungeon Overview and Level Annotations

Branches:
Dungeon (2/15)

Altars:
Yredelemnul


Message History

You barely miss the rat. The rat closely misses you.
You barely miss the goblin. You completely miss the rat.
The goblin unwields an uncursed hunting sling.
The goblin wields an uncursed dagger of venom.
It begins to drip with poison!
The goblin barely misses you. The rat barely misses you.
You hit the rat.
The rat is moderately wounded.
You barely miss the goblin. The rat bites you.
* * * LOW HITPOINT WARNING * * *
The goblin closely misses you. The rat bites you but does no damage.
You barely miss the rat.
The rat is moderately wounded.
You hit the goblin.
The goblin hits you with an uncursed dagger of venom.
* * * LOW HITPOINT WARNING * * *
You are lethally poisoned!
The rat bites you.
You die...
Your body rises from the dead as a mindless zombie.

..# ##### ..#
#...#....
#...#...
######...#.##.###
##
#..r@g...'...>...
... ##.###...#.##
#.#...# # #(†.#.#
#.#...# #(.(..#
#.#...#
+.....####.#...#
#........((....#
#.....###......#
#####.# #......#
#.# #.......


You could see a goblin and a rat.

Vanquished Creatures
  An adder (D:2)
  An ooze (D:2)
  A worm (D:2)
  A leopard gecko (D:2)
  3 hobgoblins
  3 bats
  A frilled lizard (D:1)
  4 kobolds
  6 rats
21 creatures vanquished.

Vanquished Creatures (collateral kills)
  An adder (D:2)
  A bat (D:2)
2 creatures vanquished.

Grand Total: 23 creatures vanquished

Notes
Turn   | Place    | Note
-------+----------+-------------------------------------------
     0 | D:1      | devil0150 the Human Necromancer began the quest for the Orb.
     0 | D:1      | Reached XP level 1. HP: 13/13 MP: 3/3
     3 | D:1      | Learned a level 1 spell: Animate Skeleton
   530 | D:1      | Reached XP level 2. HP: 19/19 MP: 5/5
  1058 | D:2      | Reached XP level 3. HP: 23/24 MP: 6/6
  1373 | D:2      | Found a basalt altar of Yredelemnul.
  1539 | D:2      | Became a worshipper of Yredelemnul the Dark
  1691 | D:2      | Reached skill level 1 in Axes
  1865 | D:2      | Slain by a rat

Skill      XL: |  1  2  3 |
---------------+----------+-----
Axes           | 1 |  1.1
Fighting       | |  0.6
Dodging        | |  2.3
Stealth        | |  2.2
Spellcasting   | |  2.1
Necromancy     | |  4.5

Action                   || total
-------------------------++-------
Melee: Hand axe          ||    81
       Whip              ||     5
 Cast: Animate Skeleton  ||     2
       Pain              ||     1
  Use: Potion            ||     3
       Scroll            ||     1
 Stab: Sleeping          ||     1
  Eat: Pizza             ||     1
       Chunk             ||     1
Armor: Robe              ||    16
Dodge: Dodged            ||    78
